 Dungeon Crawl Stone Soup version 0.25.1-2-g60ff931df9 (webtiles) character file.

Game seed: 29620510225121413

130 Ijustatesigmund the Chopper (level 4, -3/41 HPs)
             Began as a Minotaur Fighter on Aug 18, 2020.
             Shot with a stone by a goblin (6 damage)
             ... led by Robin
             ... on level 2 of the Dungeon.
             The game lasted 00:04:18 (1257 turns).

Ijustatesigmund the Chopper (Minotaur Fighter)      Turns: 1257, Time: 00:04:19

Health: -3/41      AC:  6    Str: 17 (20) XL:     4   Next: 89%
Magic:  3/3        EV:  7    Int:  5      God:
Gold:   94         SH:  8    Dex:  9 (11) Spells: 3/3 levels left

rFire    . . .     SeeInvis .   a - +0 war axe
rCold    . . .     Gourm    .   c - +0 kite shield
rNeg     + . .     Faith    .   b - +0 scale mail
rPois    .         Spirit   .   (helmet restricted)
rElec    .         Reflect  .   (no cloak)
rCorr    .         Harm     .   (no gloves)
MR       .....                  (no boots)
Stlth    ..........             (no amulet)
HPRegen  0.13/turn              l - ring of positive energy
MPRegen  0.08/turn              (no ring)

@: mighty, flying
A: retaliatory headbutt, horns 2
a: no special abilities


You were on level 2 of the Dungeon.
You were not hungry.

You visited 1 branch of the dungeon, and saw 2 of its levels.

You collected 94 gold pieces.

Inventory:

Hand Weapons
 a - a +0 war axe (weapon)
Armour
 b - a +0 scale mail (worn)
 c - a +0 kite shield (worn)
Jewellery
 e - an uncursed ring of fire
 l - a ring of positive energy (left hand)
 n - an uncursed ring of ice
Scrolls
 h - 3 scrolls of remove curse
 j - 2 scrolls of identify
Potions
 o - a potion of magic
Comestibles
 f - 6 rations
 g - 2 chunks of flesh


   Skills:
 + Level 4.9 Fighting
 * Level 5.3 Axes
 - Level 3.6 Armour
 - Level 3.6 Shields


You had 3 spell levels left.
You didn't know any spells.
Your spell library was empty.

Dungeon Overview and Level Annotations

Branches:
Dungeon (2/15)

Altars:
Wu Jian
Yredelemnul


Innate Abilities, Weirdness & Mutations

You reflexively headbutt those who attack you in melee.
You have a pair of horns on your head.


Message History

You headbutt Robin.
You kill Robin!
The goblin shoots a stone.
The stone hits you but does no damage. You block the gnoll's attack.
Things that are here:
a +0 club; a gnoll corpse; a hobgoblin corpse You hit the gnoll.
The gnoll is heavily wounded.
The goblin shoots a stone.
You block the stone. You block the gnoll's attack.
The goblin shoots a stone.
The stone hits you.
* * * LOW HITPOINT WARNING * * *
You closely miss the gnoll. Your headbutt misses the gnoll.
The gnoll is heavily wounded.
The gnoll completely misses you.
The goblin shoots a stone.
The stone hits you.
* * * LOW HITPOINT WARNING * * *
You slash the gnoll!
You kill the gnoll!
You feel your intelligence returning.
The goblin shoots a stone.
The stone hits you.
You die...

.......##....#.#.._......
#######.................#
#.#.......##(.#.##
#.####.##.##.##.##
#.....(......
#........#.## #..))†...#
#..)()...# #..)(@)..#
#...)....# #..g.........
#.......###.# ##.......#
# #.##.##.# #. .#. .# #.
. # ..


You could see a goblin (strong).

Vanquished Creatures
  Robin (D:2)
  4 gnolls (D:2)
  An adder (D:2)
  A worm (D:2)
  3 dart slugs
  3 leopard geckos
  4 bats
  A giant cockroach (D:1)
  8 hobgoblins
  5 jackals
  A quokka (D:2)
  2 ball pythons
  3 frilled lizards
  13 goblins
  7 kobolds
  A rat (D:2)
58 creatures vanquished.

Notes
Turn   | Place    | Note
-------+----------+-------------------------------------------
     0 | D:1      | Ijustatesigmund the Minotaur Fighter began the quest for
                  | the Orb.
     0 | D:1      | Reached XP level 1. HP: 19/19 MP: 0/0
   213 | D:1      | Reached skill level 3 in Axes
   269 | D:1      | Reached XP level 2. HP: 27/27 MP: 1/1
   641 | D:2      | Reached XP level 3. HP: 33/33 MP: 2/2
   739 | D:2      | Reached skill level 4 in Axes
  1212 | D:2      | Found an ornate altar of the Wu Jian Council.
  1217 | D:2      | Found a basalt altar of Yredelemnul.
  1238 | D:2      | Noticed Robin
  1241 | D:2      | Reached XP level 4. HP: 41/41 MP: 3/3
  1252 | D:2      | Reached skill level 5 in Axes
  1253 | D:2      | Killed Robin
  1257 | D:2      | Shot with a stone by a goblin

Illustrated notes

Levels and vault maps discovered:
D:1:      dpeg_arrival_houses_and_road, layout_loops_ring
D:2:      layout_loops_cross, chequers_temple_overflow_statue_of_worship,
          uniq_robin

Skill      XL: |  1  2  3  4 |
---------------+-------------+-----
Axes           | 3 4 5 |  5.3
Fighting       | 4 |  4.9
Armour         | |  3.6
Shields        | |  3.6

Action                   |  1- 3 |  4- 6 || total
-------------------------+-------+-------++-------
Melee: War axe           |    82 |    11 ||    93
       Headbutt          |    17 |     2 ||    19
  Use: Scroll            |     6 |       ||     6
       Potion            |       |     3 ||     3
  Eat: Chunk             |     1 |       ||     1
Armor: Scale mail        |    40 |     9 ||    49
Dodge: Dodged            |    25 |    12 ||    37
Block: Kite shield       |    40 |    20 ||    60
